[Event "Titled Tuesday Blitz March 21 Early 2023"]
[White "Levitan, Caleb Levi"]
[Black "Rose, Felix"]
[WhiteFideId "14332620"]
[BlackFideId "5105722"]
[WhiteElo "1963"]
[BlackElo "2039"]
[Result "1/2-1/2"]
[Round "08"]
[TimeControl "180+2"]
[Date "2023.03.21"]
[WhiteClock "0:00:18"]
[BlackClock "0:00:21"]

1. e4 e5 2. Nf3 Nc6 3. Bc4 Nf6 4. d3 Bc5 5. c3 d6 6. O-O O-O 7. b4 Bb6 8. a4 a5 9. b5 Ne7 10. Nbd2 Ng6 11. Re1 c6 12. Nf1 d5 13. exd5 cxd5 14. Bb3 Qc7 15. Bb2 Re8 16. Ng3 Ng4 17. d4 Be6 18. h3 exd4 19. hxg4 dxc3 20. Bc1 Qxg3 21. Be3 Bxe3 22. Rxe3 Qxg4 23. Rxc3 Nf4 24. g3 d4 25. Nxd4 Nh3+ 26. Kg2 Nf4+ 27. Kg1 Nh3+ 28. Kg2 Nf4+ 29. Kg1 1/2-1/2


[Site "https://www.chess.com"]

[Event "Titled Tuesday Blitz March 21 Early 2023"]
[White "Vargas Rodriguez, Wilver"]
[Black "Simonovic, Miroslav"]
[WhiteFideId "3509672"]
[BlackFideId "919152"]
[WhiteElo "2238"]
[BlackElo "2042"]
[Result "0-1"]
[Round "08"]
[TimeControl "180+2"]
[Date "2023.03.21"]
[WhiteClock "0:00:01"]
[BlackClock "0:00:10"]

1. e4 c5 2. Nf3 Nc6 3. Nc3 e5 4. Bc4 g6 5. O-O Bg7 6. d4 cxd4 7. Nb5 d6 8. Ng5 Nh6 9. c3 a6 10. Na3 O-O 11. cxd4 Nxd4 12. Be3 Ne6 13. Qd2 Ng4 14. Nxe6 Bxe6 15. Bd5 Nxe3 16. fxe3 Qe7 17. Nc4 Rfd8 18. Nb6 Rab8 19. Rac1 Bh6 20. Rc3 Qg5 21. Qf2 Rf8 22. Kh1 Bxd5 23. Nxd5 f5 24. exf5 Rxf5 25. Qe2 Rxf1+ 26. Qxf1 Rf8 27. Qe2 Qg4 28. Ne7+ Kg7 29. Qe1 Qe6 30. Rc7 Rf7 31. Qh4 g5 32. Qc4 Qxc4 33. Nf5+ Kg6 34. Rxc4 Rxf5 35. Kg1 Bf8 36. Rc7 Rf7 37. Rc8 Kg7 38. g3 Rd7 39. Kf2 d5 40. Re8 Bd6 41. Kf3 d4 42. exd4 exd4 43. Ke4 Bc7 44. Kd3 h6 45. b4 a5 0-1


[Site "https://www.chess.com"]

[Event "Titled Tuesday Blitz March 21 Early 2023"]
[White "Martin Carmona, Gaston Manuel"]
[Black "Hernandez Bonilla, Amelia"]
[WhiteFideId "22284567"]
[BlackFideId "3900193"]
[WhiteElo "2245"]
[BlackElo "2183"]
[Result "1-0"]
[Round "08"]
[TimeControl "180+2"]
[Date "2023.03.21"]
[WhiteClock "0:00:16"]
[BlackClock "0:00:40"]

1. Nf3 d5 2. d4 Nf6 3. c4 e6 4. g3 Bb4+ 5. Bd2 a5 6. Bg2 O-O 7. O-O dxc4 8. Qc2 Nc6 9. Qxc4 Bd7 10. a3 Bxd2 11. Nbxd2 a4 12. Rac1 Qe7 13. e4 Rfc8 14. e5 Nd5 15. Ne4 Na5 16. Qc5 Qxc5 17. Nxc5 Bc6 18. Nd2 Rd8 19. Rfd1 Ne7 20. Nc4 Bxg2 21. Nxa5 Rxa5 22. Kxg2 Rb5 23. Nxa4 Ra8 24. Rxc7 Nf5 25. b4 h5 26. Nc3 Rb6 27. d5 exd5 28. Nxd5 Re6 29. Rd3 Rxe5 30. Nf4 g6 31. Rdd7 Nh6 32. Rxb7 Rxa3 33. Nxg6 fxg6 34. Rd8+ 1-0


[Site "https://www.chess.com"]

[Event "Titled Tuesday Blitz March 21 Early 2023"]
[White "lluiss"]
[Black "Vagman, Roy"]
[BlackFideId "2828995"]
[WhiteElo "2150"]
[BlackElo "2188"]
[Result "1-0"]
[Round "08"]
[TimeControl "180+2"]
[Date "2023.03.21"]
[WhiteClock "0:01:28"]
[BlackClock "0:00:18"]

1. Nf3 Nf6 2. c4 g6 3. g3 Bg7 4. Bg2 O-O 5. O-O b6 6. d3 Nc6 7. Nc3 Bb7 8. Rb1 d6 9. b4 e5 10. b5 Nd4 11. e3 Nxf3+ 12. Bxf3 Bxf3 13. Qxf3 Qd7 14. Nd5 Nxd5 15. Qxd5 Rae8 16. e4 Kh8 17. f4 Qxb5 18. Rxb5 exf4 1-0


[Site "https://www.chess.com"]

[Event "Titled Tuesday Blitz March 21 Early 2023"]
[White "Latreche, Khadidja"]
[Black "Corredor Castellanos, Camilo"]
[WhiteFideId "7901780"]
[BlackFideId "4425871"]
[WhiteElo "1869"]
[BlackElo "1994"]
[Result "1-0"]
[Round "08"]
[TimeControl "180+2"]
[Date "2023.03.21"]
[WhiteClock "0:00:47"]
[BlackClock "0:01:19"]

1. e4 c5 2. Nf3 d6 3. d4 cxd4 4. Nxd4 Nf6 5. f3 e5 6. Nb3 a6 7. c4 Be6 8. Be3 Nbd7 9. N1d2 h5 10. Be2 Be7 11. Rc1 Rc8 12. O-O h4 13. Qe1 Nh5 14. f4 exf4 15. Bxf4 Nxf4 16. Rxf4 Bg5 17. Rf1 Ne5 18. Nd4 Be3+ 19. Kh1 Bxd4 20. Nf3 Be3 21. Rc3 Bf4 22. b3 Nxf3 23. Rcxf3 Be5 24. Rd3 Qg5 25. Qf2 Bg3 26. Qf3 Qe5 27. hxg3 hxg3+ 28. Kg1 Qb2 29. Bd1 Rc5 30. Qxg3 Ke7 31. Qxd6+ 1-0


[Site "https://www.chess.com"]

[Event "Titled Tuesday Blitz March 21 Early 2023"]
[White "Vargas Pereda, Jesus Manue"]
[Black "Mrudul Dehankar"]
[WhiteFideId "5115710"]
[BlackFideId "25096990"]
[WhiteElo "1914"]
[BlackElo "2139"]
[Result "0-1"]
[Round "08"]
[TimeControl "180+2"]
[Date "2023.03.21"]
[WhiteClock "0:00:35"]
[BlackClock "0:00:09"]

1. d4 Nf6 2. Bf4 e6 3. e3 b6 4. Bd3 Bb7 5. Nf3 c5 6. c3 Be7 7. Nbd2 d6 8. e4 cxd4 9. cxd4 Nbd7 10. O-O O-O 11. Rc1 Nh5 12. Be3 e5 13. Nxe5 Nxe5 14. dxe5 dxe5 15. Qxh5 Qxd3 16. Rc7 Bb4 17. Rxb7 Bxd2 18. Rd1 Qxe4 19. Re7 Bxe3 20. Rxe5 Bxf2+ 21. Kxf2 Qb4 22. Qe2 g6 23. a3 Qf4+ 24. Kg1 Rad8 25. Rf1 Qd4+ 26. Kh1 Qd2 27. h3 Qxe2 28. Rxe2 Rfe8 29. Rc2 Re7 30. Rfc1 h5 31. Rc7 Rdd7 32. Rc8+ Kg7 33. Kh2 h4 34. Kg1 Rd2 35. R1c2 Ree2 36. Rxd2 Rxd2 37. b4 Ra2 38. Rc3 a5 39. bxa5 bxa5 40. Rf3 g5 41. Rc3 Kg6 42. Rc6+ f6 43. Rc2 Rxc2 0-1


[Site "https://www.chess.com"]

[Event "Titled Tuesday Blitz March 21 Early 2023"]
[White "Coelho, Ramyres Santana"]
[Black "dorpato"]
[WhiteFideId "2120690"]
[WhiteElo "1888"]
[BlackElo "1976"]
[Result "1-0"]
[Round "08"]
[TimeControl "180+2"]
[Date "2023.03.21"]
[WhiteClock "0:02:06"]
[BlackClock "0:00:31"]

1. e4 c5 2. Nf3 g6 3. d4 cxd4 4. c3 d5 5. e5 Bg7 6. cxd4 Bf5 7. Bd3 Bxd3 8. Qxd3 e6 9. O-O Ne7 10. Nc3 O-O 11. h4 h5 12. Ne2 Nbc6 13. Bg5 Qd7 14. Bf6 Nf5 15. Ng3 Nxg3 16. fxg3 Ne7 17. g4 hxg4 18. Nh2 g3 19. Ng4 Nf5 20. Qd2 Qa4 21. Rxf5 exf5 22. Bxg7 fxg4 23. Qh6 f5 24. e6 1-0


[Site "https://www.chess.com"]

[Event "Titled Tuesday Blitz March 21 Early 2023"]
[White "Singgih, Diajeng Theresa"]
[Black "Kuchava, Ana"]
[WhiteFideId "7104391"]
[BlackFideId "13605348"]
[WhiteElo "1891"]
[BlackElo "2001"]
[Result "0-1"]
[Round "08"]
[TimeControl "180+2"]
[Date "2023.03.21"]
[WhiteClock "0:00:04"]
[BlackClock "0:00:04"]

1. e4 c5 2. Nf3 d6 3. d4 cxd4 4. Nxd4 Nf6 5. Nc3 Nc6 6. Nb3 e5 7. Bc4 a6 8. O-O Be7 9. Re1 O-O 10. a4 Be6 11. Nd5 Rb8 12. a5 Nd7 13. Be3 Nc5 14. f3 Nxb3 15. Bxb3 Bxd5 16. Qxd5 Qc7 17. Bb6 Qd7 18. Rad1 Rbc8 19. Rf1 Nb4 20. Qxe5 Nxc2 21. Qg3 Nb4 22. e5 d5 23. f4 Bc5+ 24. Bxc5 Rxc5 25. f5 Qb5 26. f6 g6 27. Qh4 h5 0-1


[Site "https://www.chess.com"]

[Event "Titled Tuesday Blitz March 21 Early 2023"]
[White "Sanchez, Robert"]
[Black "Semenova, Alina"]
[WhiteFideId "2034360"]
[BlackFideId "24113875"]
[WhiteElo "2171"]
[BlackElo "1833"]
[Result "1-0"]
[Round "08"]
[TimeControl "180+2"]
[Date "2023.03.21"]
[WhiteClock "0:02:10"]
[BlackClock "0:00:01"]

1. e4 e5 2. d4 exd4 3. c3 dxc3 4. Bc4 c2 5. Qxc2 Nc6 6. Nf3 Bb4+ 7. Nc3 d6 8. O-O Be6 9. Bxe6 fxe6 10. Qb3 Bxc3 11. Qxc3 Qf6 12. Qb3 Rb8 13. Bg5 Qf7 14. Rac1 Ne5 15. Nxe5 dxe5 16. f4 exf4 17. Rxf4 Qd7 18. Rcf1 Nf6 19. Bxf6 gxf6 20. Rxf6 Qd4+ 21. Kh1 c5 22. Qxe6+ Kd8 23. Rf8+ Rxf8 24. Rxf8+ Kc7 25. Rf7+ Kd8 26. Qe7+ 1-0


[Site "https://www.chess.com"]

[Event "Titled Tuesday Blitz March 21 Early 2023"]
[White "Prado, Alexandra"]
[Black "Bongo Akanga Ndjila, Barthelemy"]
[WhiteFideId "3301346"]
[BlackFideId "10609431"]
[WhiteElo "1759"]
[BlackElo "1768"]
[Result "0-1"]
[Round "08"]
[TimeControl "180+2"]
[Date "2023.03.21"]
[WhiteClock "0:00:24"]
[BlackClock "0:02:01"]

1. e4 e6 2. Nf3 d5 3. e5 c5 4. b4 cxb4 5. d4 Nc6 6. a3 bxa3 7. Bxa3 Bxa3 8. Rxa3 Nge7 9. c3 h5 10. Bd3 Nf5 11. h4 Bd7 12. g3 Nce7 13. O-O b5 14. Qe2 a6 15. Nbd2 Qb6 16. Rfa1 O-O 17. Ng5 g6 18. Qf3 Kg7 19. Kg2 a5 20. Kh3 Bc6 21. g4 hxg4+ 22. Kxg4 Rh8 23. Rh1 b4 24. cxb4 axb4 25. Rxa8 Bxa8 26. h5 Qxd4+ 0-1


[Site "https://www.chess.com"]

[Event "Titled Tuesday Blitz March 21 Early 2023"]
[White "ritanovikova"]
[Black "Leschinsky, Gary"]
[BlackFideId "30951321"]
[WhiteElo "2192"]
[BlackElo "1855"]
[Result "0-1"]
[Round "08"]
[TimeControl "180+2"]
[Date "2023.03.21"]
[WhiteClock "0:00:26"]
[BlackClock "0:01:33"]

1. e4 e5 2. Nf3 Nc6 3. Bc4 g6 4. d4 exd4 5. Nxd4 Bg7 6. Nxc6 bxc6 7. O-O Ne7 8. Nc3 O-O 9. Bg5 h6 10. Bh4 Rb8 11. Bb3 d6 12. Kh1 Ba6 13. Re1 c5 14. Rb1 Bb7 15. Bd5 c6 16. Bc4 Re8 17. Qf3 d5 18. exd5 cxd5 19. Bxe7 Rxe7 20. Rxe7 Qxe7 21. Bxd5 Bxd5 22. Nxd5 Qe5 23. Nc3 Qxc3 24. Qd5 Rxb2 25. Rd1 Qxc2 26. g3 Qxf2 0-1


[Site "https://www.chess.com"]

[Event "Titled Tuesday Blitz March 21 Early 2023"]
[White "Larina, Maria"]
[Black "th3d4rkness"]
[WhiteFideId "24113182"]
[WhiteElo "1848"]
[BlackElo "2109"]
[Result "0-1"]
[Round "08"]
[TimeControl "180+2"]
[Date "2023.03.21"]
[WhiteClock "0:00:06"]
[BlackClock "0:00:15"]

1. e4 c5 2. Nc3 Nc6 3. g3 g6 4. Bg2 Bg7 5. d3 d6 6. Be3 Rb8 7. Qd2 b5 8. Nge2 Nd4 9. O-O Bg4 10. f3 Bd7 11. b4 Nxe2+ 12. Nxe2 Bxa1 13. Rxa1 Rc8 14. Qc3 Nf6 15. bxc5 dxc5 16. Bxc5 O-O 17. Qb4 Re8 18. c3 a5 19. Qd4 e5 20. Qe3 Qc7 21. d4 exd4 22. cxd4 Nd5 23. Qg5 Nb4 24. a3 Nd3 25. Be7 Be6 26. Bf6 Qd6 27. e5 Qf8 28. Qe3 Bc4 29. f4 Nb2 30. g4 Bxe2 31. Qxe2 Nc4 32. f5 Nxa3 33. fxg6 hxg6 34. Qf3 Rxe5 35. dxe5 Qc5+ 36. Kh1 Qc3 37. Rf1 Qxf3 38. Bxf3 b4 39. Bd5 Rc5 40. Bb3 Rc3 41. Ba2 Rc2 42. Bb3 Rc3 43. Ba4 b3 44. Rd1 g5 45. Rd8+ Kh7 46. Rh8+ Kg6 47. Rg8+ Kh7 48. Rg7+ Kh6 49. Rg8 b2 50. Bxg5+ Kh7 51. Rb8 b1=Q+ 52. Rxb1 Nxb1 53. Be8 Kg6 54. Bc1 Rxc1+ 55. Kg2 Re1 56. Kf2 Rxe5 0-1


[Site "https://www.chess.com"]

[Event "Titled Tuesday Blitz March 21 Early 2023"]
[White "Winkels, Marcel"]
[Black "MANOJ_MISHRA123"]
[WhiteFideId "1003887"]
[WhiteElo "1900"]
[BlackElo "2103"]
[Result "1-0"]
[Round "08"]
[TimeControl "180+2"]
[Date "2023.03.21"]
[WhiteClock "0:01:40"]
[BlackClock "0:00:23"]

1. e4 Nf6 2. e5 Nd5 3. d4 d6 4. Nf3 dxe5 5. Nxe5 c6 6. Be2 Nd7 7. Nf3 N7f6 8. O-O g6 9. c4 Nc7 10. Nc3 Bg7 11. Be3 O-O 12. h3 h6 13. Qd2 Kh7 14. Ne5 Bf5 15. f4 Ne6 16. Rad1 Ne4 17. Nxe4 Bxe4 18. Bd3 Bxd3 19. Qxd3 Bxe5 20. fxe5 f5 21. exf6 exf6 22. d5 cxd5 23. cxd5 Ng5 24. Bxg5 hxg5 25. d6 Qb6+ 26. Kh1 Rad8 27. Rfe1 Rf7 28. b3 Rfd7 29. Re6 Kg7 30. Qe4 Rxd6 31. Rexd6 Rxd6 32. Qe7+ Kh6 33. Qxd6 1-0


[Site "https://www.chess.com"]

[Event "Titled Tuesday Blitz March 21 Early 2023"]
[White "Lazavik, Denis"]
[Black "Wei, Yi"]
[WhiteFideId "13515110"]
[BlackFideId "8603405"]
[WhiteElo "2560"]
[BlackElo "2686"]
[Result "1/2-1/2"]
[Round "09"]
[TimeControl "180+2"]
[Date "2023.03.21"]
[WhiteClock "0:00:18"]
[BlackClock "0:00:09"]

1. d4 d5 2. c4 e6 3. Nf3 Nf6 4. g3 Be7 5. Bg2 O-O 6. O-O dxc4 7. Qc2 a6 8. a4 Bd7 9. Qxc4 Bc6 10. Bg5 Nbd7 11. Rd1 a5 12. Nbd2 h6 13. Bxf6 Nxf6 14. Qd3 Bb4 15. e4 Qe7 16. Ne5 Rfd8 17. Nxc6 bxc6 18. Nc4 Rab8 19. Rac1 Nd7 20. Qc2 c5 21. d5 exd5 22. exd5 Nb6 23. Rd3 Nxc4 24. Qxc4 Qe2 25. Qc2 Re8 26. Bf3 Qe5 27. b3 Qf6 28. Kg2 Re5 29. Rcd1 Rd8 30. h4 h5 31. Qc1 g6 32. Qb2 Kg7 33. Rc1 Rd6 34. Rc4 Re1 35. Qxf6+ Rxf6 36. Rd1 Rxd1 37. Bxd1 Rf5 38. Bf3 Re5 39. Rc1 Kf6 40. Rd1 Ke7 41. Rc1 Kd6 42. Kf1 f5 43. Bg2 Re7 44. Bf3 Re5 45. Bg2 Bd2 46. Rd1 Bc3 47. Bf3 Bd4 48. Re1 Rxe1+ 49. Kxe1 Be5 50. Be2 Bd4 51. Bc4 Ke7 52. Ke2 Kd6 53. Kf3 Ke7 54. Ke2 Kd6 55. Kf3 Ke7 56. Ke2 1/2-1/2


[Site "https://www.chess.com"]

[Event "Titled Tuesday Blitz March 21 Early 2023"]
[White "Dubov, Daniil"]
[Black "Paravyan, David"]
[WhiteFideId "24126055"]
[BlackFideId "4194985"]
[WhiteElo "2802"]
[BlackElo "2577"]
[Result "1/2-1/2"]
[Round "09"]
[TimeControl "180+2"]
[Date "2023.03.21"]
[WhiteClock "0:00:03"]
[BlackClock "0:00:04"]

1. e4 e5 2. Nf3 Nf6 3. Nc3 Nc6 4. d4 exd4 5. Nxd4 Bb4 6. Nxc6 bxc6 7. Bd3 O-O 8. O-O d5 9. exd5 cxd5 10. Qf3 Bg4 11. Qg3 c5 12. Bg5 Bxc3 13. bxc3 c4 14. Bxh7+ Kxh7 15. Bxf6 Qxf6 16. Qxg4 Qxc3 17. Rad1 Rad8 18. Rd4 Kg8 19. Qd1 Rfe8 20. h4 Re5 21. Qd2 Qxd2 22. Rxd2 Rb8 23. Rfd1 Rb2 24. c3 Re1+ 25. Kh2 Rxd1 26. Rxd1 Rxf2 27. Rxd5 Rxa2 28. Rc5 Ra4 29. g4 g6 30. Kg3 Kg7 31. g5 a5 32. Rc7 Kf8 33. Kf4 Ra1 34. Rxc4 a4 35. Kg3 a3 36. Ra4 Ke7 37. c4 Kd6 38. Ra5 Kc6 39. c5 Kd5 40. Kg2 a2 41. Kh2 Kc4 42. c6 Kb3 43. c7 Rc1 44. Rb5+ Ka3 45. Ra5+ Kb3 46. Rb5+ Ka4 47. Rb7 Rc3 48. Ra7+ Kb3 49. Rb7+ Kc2 50. Ra7 Kb2 51. Rb7+ Kc1 52. Ra7 Rc2+ 53. Kg3 Kb1 54. Rb7+ Kc1 55. Ra7 Kb2 56. Rb7+ Ka3 57. Ra7+ Kb2 58. Rb7+ Kc1 59. Ra7 1/2-1/2


[Site "https://www.chess.com"]

[Event "Titled Tuesday Blitz March 21 Early 2023"]
[White "Naroditsky, Daniel"]
[Black "Kamsky, Gata"]
[WhiteFideId "2026961"]
[BlackFideId "2000024"]
[WhiteElo "2633"]
[BlackElo "2666"]
[Result "1/2-1/2"]
[Round "09"]
[TimeControl "180+2"]
[Date "2023.03.21"]
[WhiteClock "0:00:58"]
[BlackClock "0:00:47"]

1. e4 c5 2. c3 Nf6 3. e5 Nd5 4. Nf3 Nc6 5. Bc4 Nb6 6. Bb3 d5 7. exd6 Qxd6 8. O-O Be6 9. Bxe6 Qxe6 10. a4 a6 11. a5 Nd5 12. d4 cxd4 13. Nxd4 Nxd4 14. Qxd4 Qc6 15. Na3 e6 16. Nc4 Qc5 17. Qe4 Be7 18. Be3 Nxe3 19. Nxe3 Qb5 20. b4 O-O 21. Rab1 Rfd8 22. g3 Rac8 23. c4 Qc6 24. Qg4 g6 25. h4 h5 26. Qf4 Qd6 27. Qe4 Qc6 28. Qf4 Qd6 29. Qe4 Qc6 1/2-1/2


[Site "https://www.chess.com"]

[Event "Titled Tuesday Blitz March 21 Early 2023"]
[White "Svane, Frederik"]
[Black "Duda, Jan-Krzysztof"]
[WhiteFideId "12923044"]
[BlackFideId "1170546"]
[WhiteElo "2502"]
[BlackElo "2790"]
[Result "0-1"]
[Round "09"]
[TimeControl "180+2"]
[Date "2023.03.21"]
[WhiteClock "0:00:04"]
[BlackClock "0:00:08"]

1. c4 Nf6 2. Nf3 g6 3. Nc3 d5 4. cxd5 Nxd5 5. h4 Bg7 6. e4 Nxc3 7. dxc3 Qxd1+ 8. Kxd1 Nd7 9. Kc2 b6 10. Be3 Bb7 11. Nd2 O-O-O 12. f3 h5 13. a4 a5 14. Bc4 e6 15. Rad1 Bc6 16. b3 Ne5 17. Be2 f5 18. Bd4 Rhg8 19. Nc4 Nxc4 20. Bxc4 Rde8 21. Bxg7 Rxg7 22. e5 g5 23. hxg5 Rxg5 24. Rd2 Kb7 25. Rh2 Re7 26. Rh4 Reg7 27. Bf1 Bd5 28. b4 axb4 29. cxb4 f4 30. Rxf4 Rxe5 31. Rfd4 Kc6 32. Bc4 Rf7 33. f4 Ref5 34. g3 Rg7 35. R2d3 Kd6 36. b5 Kc5 37. Kc3 Rgf7 38. Re3 Rg7 39. Bxd5 exd5 40. Rdd3 Kd6 41. Re8 h4 42. gxh4 Rxf4 43. Rd8+ Ke6 44. R8xd5 Rxa4 45. h5 Ra3+ 46. Kb4 Rxd3 47. Rxd3 Rg4+ 48. Kc3 Rh4 49. Rg3 Rxh5 50. Rg6+ Kd7 51. Kc4 Rc5+ 52. Kb4 Re5 53. Rf6 Re4+ 54. Kc3 Re6 55. Rf5 Kd6 56. Kd4 Rh6 57. Rd5+ Ke6 58. Re5+ Kd7 59. Rd5+ Rd6 60. Ke5 Ke7 61. Ke4 Rxd5 62. Kxd5 Kd7 63. Kc4 Ke6 64. Kd4 Kd6 65. Kc4 Ke5 66. Kc3 Kd5 67. Kb4 Kd4 68. Kb3 Kc5 69. Ka4 Kc4 70. Ka3 Kxb5 0-1


[Site "https://www.chess.com"]

[Event "Titled Tuesday Blitz March 21 Early 2023"]
[White "Esipenko, Andrey"]
[Black "Bortnyk, Olexandr"]
[WhiteFideId "24175439"]
[BlackFideId "14120828"]
[WhiteElo "2615"]
[BlackElo "2734"]
[Result "0-1"]
[Round "09"]
[TimeControl "180+2"]
[Date "2023.03.21"]
[WhiteClock "0:00:03"]
[BlackClock "0:00:05"]

1. d4 d6 2. Nf3 Nf6 3. g3 g6 4. Bg2 Bg7 5. O-O O-O 6. Re1 Nbd7 7. e4 e5 8. Nc3 b6 9. d5 a5 10. Be3 Nc5 11. Bc1 Bd7 12. Nd2 b5 13. Nb3 Nb7 14. a4 b4 15. Nb5 c6 16. dxc6 Bxc6 17. c4 bxc3 18. Nxc3 Qb6 19. Be3 Qb4 20. Bd2 Qb6 21. Bg5 Ng4 22. Qxg4 Qxb3 23. Qe2 Nc5 24. Be7 Rfc8 25. Bxd6 Ne6 26. Nd5 Nd4 27. Qd1 Bxd5 28. exd5 Qxb2 29. Rb1 Qc3 30. Be7 Ra7 31. d6 Bf8 32. Re3 Qc4 33. Rxe5 Bxe7 34. dxe7 Re8 35. Bd5 Qc3 36. Re3 Qc5 37. Ba2 Raxe7 38. Rc1 Qb4 39. Rc4 Rxe3 40. fxe3 Qb2 41. Rxd4 Qxa2 42. Rd8 Qe6 43. Rxe8+ Qxe8 44. Qd4 h5 45. h4 Qc6 46. Kf2 Qc2+ 47. Kf3 Kh7 48. Qd7 Qc4 49. Kf2 Qa2+ 50. Kf3 Kg8 51. Qb5 Qa1 52. Qxa5 Qf1+ 53. Ke4 Qg2+ 54. Kd3 Qxg3 55. Qd8+ Kh7 56. a5 Qe1 57. Ke4 Qh1+ 58. Ke5 Qc6 59. Qb6 Qc3+ 60. Kf4 Qc4+ 61. Kf3 Qg4+ 62. Kf2 Qxh4+ 63. Ke2 Qg4+ 64. Kd3 Qd1+ 65. Kc3 h4 66. a6 h3 67. Qb7 Qe1+ 68. Kd3 Qf1+ 69. Kd2 h2 70. a7 h1=Q 71. a8=Q Qc1+ 72. Kd3 Qhf1+ 73. Kd4 Qcc4+ 74. Ke5 Qf5+ 75. Kd6 Qfe6# 0-1


[Site "https://www.chess.com"]

[Event "Titled Tuesday Blitz March 21 Early 2023"]
[White "Howell, David W L"]
[Black "Zhigalko, Sergei"]
[WhiteFideId "410608"]
[BlackFideId "13502956"]
[WhiteElo "2567"]
[BlackElo "2626"]
[Result "1/2-1/2"]
[Round "09"]
[TimeControl "180+2"]
[Date "2023.03.21"]
[WhiteClock "0:01:03"]
[BlackClock "0:01:06"]

1. d4 Nf6 2. Nf3 e6 3. c4 b6 4. a3 Ba6 5. Qc2 Bb7 6. Nc3 c5 7. dxc5 bxc5 8. Bf4 Qb6 9. e3 Be7 10. Be2 O-O 11. O-O Rd8 12. Rfd1 d6 13. Rd2 h6 14. h3 Nc6 15. Rad1 Ne8 16. Bg3 Rac8 17. Nb5 Nb8 18. Nc3 Nc6 19. Na4 Qa5 20. Nc3 Qb6 1/2-1/2


[Site "https://www.chess.com"]

[Event "Titled Tuesday Blitz March 21 Early 2023"]
[White "Rustemov, Alexander"]
[Black "Le, Tuan Minh"]
[WhiteFideId "4119002"]
[BlackFideId "12401153"]
[WhiteElo "2887"]
[BlackElo "2558"]
[Result "0-1"]
[Round "09"]
[TimeControl "180+2"]
[Date "2023.03.21"]
[WhiteClock "0:00:01"]
[BlackClock "0:00:04"]

1. d4 d5 2. c4 c6 3. cxd5 cxd5 4. Nc3 Nf6 5. Bf4 Nc6 6. e3 a6 7. Rc1 Bg4 8. Nf3 Rc8 9. Be2 Bxf3 10. Bxf3 e6 11. O-O Bd6 12. Bg5 O-O 13. Be2 Rc7 14. Bd3 h6 15. Bh4 Qe7 16. f4 Rfc8 17. Ne2 Nb4 18. Rxc7 Qxc7 19. Bxf6 Nxd3 20. Qxd3 Qc2 21. Rd1 gxf6 22. Kf2 f5 23. Qxc2 Rxc2 24. Rb1 Bb4 25. Kf3 Bd2 26. a4 Kf8 27. h3 Ke7 28. g4 fxg4+ 29. hxg4 a5 30. b3 Kf6 31. Rh1 Rb2 32. Rxh6+ Kg7 33. g5 Rxb3 34. Ng3 Rxe3+ 35. Kg4 Kf8 36. Nh5 Re4 37. Rh8+ Ke7 38. Rb8 Rxd4 39. Rxb7+ Kf8 40. Kf3 Rxa4 41. Ra7 Ra1 42. Nf6 Rf1+ 43. Ke2 Rxf4 44. Kxd2 a4 45. Ke3 Rf5 46. Nd7+ Kg7 47. Kd4 Kg6 48. Ne5+ Kxg5 49. Nxf7+ Kf6 50. Nd6 Rf4+ 51. Kd3 Ke5 52. Nb5 Rh4 53. Nc3 Rh3+ 54. Kd2 d4 55. Nxa4 Kf4 56. Nc5 Ke5 57. Rg7 Kd5 58. Rg5+ Kc4 59. Ne4 Rh2+ 60. Kd1 Kd3 61. Ng3 Rg2 62. Re5 Rxg3 63. Rxe6 Rg1+ 64. Re1 Rxe1+ 65. Kxe1 Kc2 0-1


[Site "https://www.chess.com"]

[Event "Titled Tuesday Blitz March 21 Early 2023"]
[White "Jones, Gawain C B"]
[Black "Pranav, V"]
[WhiteFideId "409561"]
[BlackFideId "25060783"]
[WhiteElo "2645"]
[BlackElo "2500"]
[Result "1-0"]
[Round "09"]
[TimeControl "180+2"]
[Date "2023.03.21"]
[WhiteClock "0:00:06"]
[BlackClock "0:00:06"]

1. Nf3 Nf6 2. c4 e6 3. g3 d5 4. Bg2 d4 5. O-O Nc6 6. e3 e5 7. exd4 exd4 8. d3 Be7 9. Bf4 O-O 10. Ne5 Nxe5 11. Bxe5 Ng4 12. Bf4 Bg5 13. Qc1 Bxf4 14. Qxf4 Re8 15. Na3 c6 16. Rae1 Rf8 17. Nc2 Nf6 18. Nxd4 c5 19. Nb5 Bd7 20. Nc7 Rb8 21. Nd5 Nxd5 22. Bxd5 Bc6 23. Re5 Kh8 24. Bxc6 bxc6 25. b3 Qxd3 26. Rxc5 Qc2 27. Rxc6 Qxa2 28. Rc7 Qxb3 29. Rxf7 Kg8 30. Rxf8+ Rxf8 31. Qe4 a5 32. Qd5+ Kh8 33. Qxa5 Qxc4 34. h4 h6 35. Qe5 Qc6 36. Qe3 Qc2 37. Re1 Qf5 38. Re2 Rd8 39. Kg2 Qd5+ 40. Qe4 Qd7 41. Rc2 Re8 42. Qc6 Qf7 43. Qc4 Qg6 44. Rd2 Rf8 45. Qd5 Qf6 46. Qe4 Qf7 47. Qe3 Qb7+ 48. Kh2 Qb1 49. Re2 Qf5 50. Kg1 Rd8 51. Kg2 Rf8 52. f4 Qd5+ 53. Qe4 Qb5 54. Qe7 Rc8 55. Qe4 Qb3 56. Qf3 Qb5 57. h5 Qd7 58. g4 Qf7 59. f5 Qf6 60. Kg3 Qd6+ 61. Kg2 Qf6 62. Qe4 Qf7 63. Qe6 Qb7+ 64. Kg3 Qb8+ 65. Kh3 Rc3+ 66. Re3 Rc8 67. f6 Rf8 68. fxg7+ Kxg7 69. Qg6+ Kh8 70. Qxh6+ Kg8 71. Qg6+ Kh8 72. Qh6+ Kg8 73. Qg5+ Kh8 74. Qe5+ 1-0


[Site "https://www.chess.com"]

[Event "Titled Tuesday Blitz March 21 Early 2023"]
[White "Makhnev, Denis"]
[Black "Bolourchifard, Farzad"]
[WhiteFideId "13707647"]
[BlackFideId "12510084"]
[WhiteElo "2525"]
[BlackElo "2317"]
[Result "0-1"]
[Round "09"]
[TimeControl "180+2"]
[Date "2023.03.21"]
[WhiteClock "0:00:01"]
[BlackClock "0:00:23"]

1. d4 Nf6 2. c4 e6 3. Nf3 d5 4. Nc3 Be7 5. Bf4 O-O 6. e3 Nbd7 7. c5 c6 8. h3 b6 9. b4 a5 10. a3 h6 11. Bd3 Re8 12. O-O Bb7 13. Qe2 b5 14. Bh2 Qc8 15. Nd2 Bd8 16. f4 Nf8 17. g4 Bc7 18. Bg3 Qd7 19. Bh4 N6h7 20. Nf3 Ra7 21. Ne5 Bxe5 22. fxe5 Rea8 23. Qb2 axb4 24. axb4 Bc8 25. Bg3 Qb7 26. Kf2 Bd7 27. Ke2 Be8 28. h4 Ra6 29. Kd2 Qa7 30. Rxa6 Qxa6 31. Kc2 Qa3 32. Qxa3 Rxa3 33. Kb2 Ra7 34. e4 g6 35. Bf4 Kg7 36. Bd2 Nd7 37. Ne2 Nhf8 38. Nc1 Nb8 39. Nb3 Nh7 40. Bf4 Nf8 41. Na5 Na6 42. Kc3 Nc7 43. Kb3 dxe4 44. Bxe4 Nd5 45. Bd2 Nh7 46. Ra1 Nf8 47. Kb2 Bd7 48. Nb3 Rxa1 49. Kxa1 f6 50. exf6+ Nxf6 51. Bf3 Nd5 52. Na5 Nh7 53. Kb2 Nhf6 54. Kb3 h5 55. g5 Ng8 56. Be1 Nge7 57. Bg3 Nf5 58. Be5+ Kf7 59. Nb7 Nxh4 60. Nd6+ Kf8 61. Be4 Nf5 62. Nxf5 exf5 63. Bf3 Ne3 64. Bf4 Nd5 65. Bg3 Be6 66. Ka3 Ke8 67. Be2 Kd7 68. Kb2 f4 69. Be1 Bg4 70. Bd3 Ne7 71. Kc1 Bf5 72. Be2 Be4 73. Bd2 Nd5 74. Kd1 Ke6 75. Ke1 Kf5 76. Bf1 Kxg5 77. Bh3 Bf5 78. Bg2 Be6 79. Kf2 Kf5 80. Bf1 g5 81. Bd3+ Kf6 82. Be4 Bf5 83. Bf3 g4 84. Bxd5 cxd5 85. Bxf4 h4 86. Bc7 Bc8 87. Bd8+ Kf5 88. Bxh4 Ke4 89. Bf6 Kd3 90. c6 Kc4 91. Ke3 Kxb4 92. Kd3 Kb3 93. Be5 b4 94. c7 Ka2 95. Ke3 b3 0-1


[Site "https://www.chess.com"]